 Dungeon Crawl Stone Soup version 0.21.1-1-g345015fe64 (webtiles) character file.

7429 IceCat the Fighter (level 11, -9/153 HPs)
             Began as a Hill Orc Berserker on July 20, 2018.
             Was a High Priest of Trog.
             Mangled by an orc warrior
             ... wielding a +0 glaive
              (11 damage)
             ... on level 9 of the Dungeon.
             The game lasted 01:09:01 (8608 turns).

IceCat the Fighter (Hill Orc Berserker)             Turns: 8608, Time: 01:09:02

Health: -9/153     AC: 18    Str: 29    XL:     11   Next: 15%
Magic:  11/11      EV:  9    Int:  7    God:    Trog [*****.]
Gold:   607        SH:  0    Dex: 14    Spells: 10/10 levels left

rFire    + . .     SeeInvis .   e - +4 quarterstaff (chaos)
rCold    . . .     Gourm    .   (shield currently unavailable)
rNeg     . . .     Faith    .   G - +0 plate armour
rPois    .         Spirit   .   J - +0 helmet
rElec    .         Reflect  .   A - +2 cloak
rCorr    .         Harm     .   (no gloves)
MR       ++...                  (no boots)
Stlth    ..........             (no amulet)
HPRegen  1.35/turn              r - ring of protection from fire
MPRegen  0.12/turn              D - +4 ring of dexterity

@: berserking, regenerating, drained, very quick
A: no striking features
a: Berserk, Trog's Hand, Brothers in Arms, Burn Spellbooks, Renounce Religion


You were on level 9 of the Dungeon.
You worshipped Trog.
Trog was extremely pleased with you.
You were near starving.

You visited 2 branches of the dungeon, and saw 10 of its levels.

You collected 607 gold pieces.

Inventory:

Hand Weapons
 e - a +4 quarterstaff of chaos (weapon)
 j - a +0 short sword of freezing
 m - a +2 mace of holy wrath
 y - a +4 dire flail of holy wrath
Armour
 s - a +1 leather armour of cold resistance
 z - a +1 chain mail
 A - a +2 cloak (worn)
 B - a +1 shield of positive energy
 G - a +0 plate armour (worn)
 J - a +0 helmet (worn)
Jewellery
 r - a ring of protection from fire (left hand)
 D - a +4 ring of dexterity (right hand)
 K - an uncursed ring of ice
 N - an uncursed ring of stealth
Wands
 w - a wand of acid (15)
 x - a wand of digging (9)
 E - a wand of paralysis (6)
 M - a wand of flame (16)
Scrolls
 d - 7 scrolls of remove curse
 f - 2 scrolls of enchant armour
 k - 5 scrolls of identify
 n - a scroll of magic mapping
 q - 3 scrolls of teleportation
 C - a scroll of noise {unknown}
 F - 2 scrolls of fear
 H - a scroll of amnesia {unknown}
 I - a scroll of blinking {unknown}
Potions
 h - 4 potions of agility
 i - 2 potions of curing
 o - 2 potions of ambrosia
 p - 2 potions of invisibility {unknown}
 t - a potion of resistance
 u - a potion of degeneration {unknown}
 v - a potion of flight {unknown}
 L - a potion of might
Comestibles
 c - 17 rations


   Skills:
 * Level 11.1(11.0) Fighting
 + Level 1.3(6.9) Maces & Flails
   Level 6.7(9.6) Polearms
 + Level 9.1(9.7) Staves
 + Level 8.6(8.5) Armour
 + Level 3.5(3.4) Dodging
 + Level 1.4(1.3) Stealth


You had 10 spell levels left.
You didn't know any spells.

Dungeon Overview and Level Annotations

Branches:
Dungeon (9/15)             Temple (1/1) D:4
   Lair: D:8-11         Orc: D:9-12

Altars:
Cheibriados
Dithmenos
Gozag
Nemelex Xobeh
Okawaru
Ru
Trog
Uskayaw
Wu Jian
Xom
Yredelemnul
Zin
The Shining One

Shops:
D:5 (


Message History

You are near starving!
The orc priest hits you but does no damage.
The orc warrior hits you but does no damage.
You bludgeon the orc priest!! You burn the orc priest.
You kill the orc priest!
Trog accepts your kill.
You bludgeon the orc!!
You feel the power of Trog in you as your rage grows.
You kill the orc!
Trog accepts your kill.
The orc warrior hits you from afar with a glaive!
* * * LOW HITPOINT WARNING * * *
The troll closely misses you. The troll claws you!
* * * LOW HITPOINT WARNING * * *
The troll claws you but does no damage.
Items here: ! )))))))) [[ †††††† You hit the orc warrior but do no damage.
The orc warrior is severely wounded.
The orc warrior hits you with a glaive!
You die...

.....#########
#.# .....# #.#
.....# ## ##.#
####### #.
.#.# #.
#.#.#.#
...###...#.#
....o...=#.#
...oo....#.#
o..##..##@#
#....oTo#
#..###### #.(
... O... ....
....


You could see a troll, an orc warrior and an orc.

Vanquished Creatures
  2 two-headed ogres
  A manticore (D:9)
  The ghost of Napalmbreeze the Cudgeler, a novice GrGl of Okawaru (D:5)
  A hornet (D:7)
  A wyvern (D:9)
  A human (D:7)
  4 yaks
  3 hogs (D:7)
  2 hungry ghosts (D:7)
  A water moccasin (D:7)
  Edmund (D:4)
  3 orc warriors
  5 sky beasts
  2 phantoms
  4 ogres
  A centaur (D:7)
  A gnoll sergeant (D:8)
  5 bullfrogs
  4 scorpions
  3 killer bees (D:9)
  13 wights (D:9)
  2 crimson imps
  A gnoll shaman (D:5)
  2 hounds
  6 orc priests (D:9)
  Crazy Yiuf (D:4)
  A bullfrog skeleton (D:9)
  An iguana (D:6)
  5 orc wizards
  3 worker ants
  11 adders
  9 gnolls
  A howler monkey skeleton (D:7)
  A shadow imp (D:7)
  2 oozes
  2 adder zombies
  An adder skeleton (D:8)
  2 worms (D:2)
  4 leopard geckos
  15 orcs
  A ball python (D:2)
  7 giant cockroaches
  6 goblins
  11 hobgoblins
  5 jackals
  3 quokkas
  10 bats
  5 frilled lizards
  A jackal zombie (D:5)
  6 kobolds
  7 rats
191 creatures vanquished.

Notes
Turn   | Place    | Note
-------+----------+-------------------------------------------
     0 | D:1      | IceCat the Hill Orc Berserker began the quest for the Orb.
     0 | D:1      | Reached XP level 1. HP: 19/19 MP: 1/1
   118 | D:1      | Reached XP level 2. HP: 24/27 MP: 2/2
   126 | D:1      | Reached skill level 4 in Fighting
   478 | D:1      | Reached XP level 3. HP: 14/33 MP: 3/3
   876 | D:2      | Reached ** piety under Trog
   959 | D:2      | Found a shadowy altar of Dithmenos.
  1530 | D:2      | Reached XP level 4. HP: 41/41 MP: 4/4
  2581 | D:4      | Reached XP level 5. HP: 34/47 MP: 5/5
  2970 | D:4      | Found a runed door.
  3048 | D:4      | Reached skill level 5 in Polearms
  3212 | D:4      | Found a staircase to the Ecumenical Temple.
  3221 | Temple   | Entered the Ecumenical Temple
  3344 | D:4      | Noticed Edmund
  3368 | D:4      | Killed Edmund
  3368 | D:4      | Reached skill level 5 in Fighting
  3368 | D:4      | Reached XP level 6. HP: 56/56 MP: 6/6
  3812 | D:4      | Found a basalt altar of Yredelemnul.
  4164 | D:4      | Noticed Crazy Yiuf
  4173 | D:4      | Killed Crazy Yiuf
  4204 | D:5      | Entered Level 5 of the Dungeon
  4204 | D:5      | Noticed Napalmbreeze's ghost (novice GrGl)
  4210 | D:5      | Reached XP level 7. HP: 32/61 MP: 7/7
  4592 | D:5      | Killed Napalmbreeze's ghost
  4592 | D:5      | Reached skill level 6 in Fighting
  4592 | D:5      | Reached skill level 1 in Maces & Flails
  4592 | D:5      | Reached skill level 5 in Armour
  4595 | D:5      | Reached XP level 8. HP: 51/71 MP: 8/8
  4607 | D:5      | Found an opulent altar of Gozag.
  4770 | D:5      | Reached *** piety under Trog
  4840 | D:5      | Found Etoalo's Antique Weapon Shoppe.
  4950 | D:5      | Reached skill level 1 in Staves
  5448 | D:6      | Reached skill level 7 in Fighting
  5946 | D:6      | Found a hide-covered altar of Uskayaw.
  5948 | D:6      | Found an iron altar of Okawaru.
  6106 | D:7      | Reached XP level 9. HP: 79/80 MP: 9/9
  6216 | D:7      | Found a shadowy altar of Dithmenos.
  6351 | D:7      | Reached skill level 1 in Stealth
  6372 | D:7      | Reached skill level 8 in Fighting
  6439 | D:7      | Noticed a hornet
  6443 | D:7      | Paralysed by a hornet for 1 turns
  6457 | D:7      | Killed a hornet
  6457 | D:7      | Reached skill level 5 in Staves
  6457 | D:7      | Paralysed by fainting for 7 turns
  6716 | D:7      | Reached **** piety under Trog
  6719 | D:7      | Reached skill level 9 in Fighting
  6767 | D:7      | Reached XP level 10. HP: 47/91 MP: 10/10
  7191 | D:8      | Noticed a two-headed ogre
  7202 | D:8      | Killed a two-headed ogre
  7521 | D:8      | Reached skill level 10 in Fighting
  7727 | D:9      | Noticed a manticore
  7727 | D:9      | a hippogriff changed into a manticore
  7733 | D:9      | Killed a manticore
  7880 | D:9      | Noticed a two-headed ogre
  7902 | D:9      | Killed a two-headed ogre
  7907 | D:9      | Reached XP level 11. HP: 71/101 MP: 11/11
  7917 | D:9      | Reached skill level 11 in Fighting
  7924 | D:9      | Reached ***** piety under Trog
  8607 | D:9      | HP: 2/153 [troll (8)]
  8608 | D:9      | Mangled by an orc warrior

Skill      XL: |  1  2  3  4  5  6  7  8  9 10 11 |
---------------+----------------------------------+-----
Fighting       | 4 5 6 7 9 10 11 | 11.1
Polearms       | 4 5 6 |  6.7
Dodging        | 2 3 |  3.5
Armour         | 3 4 5 7 8 |  8.6
Maces & Flails | 1 |  1.3
Staves         | 4 6 8 9 |  9.1
Stealth        | 1 |  1.4

Action                   |  1- 3 |  4- 6 |  7- 9 | 10-12 || total
-------------------------+-------+-------+-------+-------++-------
Melee: Spear             |   166 |   197 |    69 |       ||   432
       Dire flail        |       |       |    12 |       ||    12
       Quarterstaff      |       |       |   215 |   238 ||   453
Invok: Berserk           |     2 |     4 |     2 |     3 ||    11
       Burn Spellbooks   |       |       |     1 |     1 ||     2
       Trog's Hand       |       |       |       |     1 ||     1
  Use: Scroll            |       |     7 |     3 |     3 ||    13
       Potion            |       |     1 |     2 |     2 ||     5
 Stab: Confused          |       |       |     1 |       ||     1
       Paralysed         |       |       |       |     1 ||     1
  Eat: Chunk             |     3 |     8 |    13 |     4 ||    28
       Ration            |       |     1 |     1 |     1 ||     3
Armor: Animal skin       |    17 |       |       |       ||    17
       Ring mail         |    23 |    21 |       |       ||    44
       Leather armour    |       |    19 |       |       ||    19
       Chain mail        |       |    13 |   114 |       ||   127
       Plate armour      |       |       |    61 |   147 ||   208
Dodge: Dodged            |    88 |    98 |   115 |    88 ||   389
